 Dungeon Crawl Stone Soup version 0.22-a0-293-gc9362ec4a2 (webtiles) character file.

35 Infinimo the Insei (level 3, 0/26 HPs)
             Began as a Merfolk Transmuter on Mar 24, 2018.
             Slain by an adder (3 damage)
             ... on level 2 of the Dungeon.
             The game lasted 00:01:49 (1476 turns).

Infinimo the Insei (Merfolk Transmuter)             Turns: 1476, Time: 00:01:50

Health: 0/26       AC:  2    Str: 10    XL:     3   Next: 33%
Magic:  6/6        EV: 13    Int: 13    God:
Gold:   129        SH:  0    Dex: 14    Spells: 5/6 levels left

rFire    . . .     SeeInvis .     - Unarmed
rCold    . . .     Gourm    .   (no shield)
rNeg     . . .     Faith    .   b - +0 robe
rPois    .         Spirit   .   (no helmet)
rElec    .         Reflect  .   (no cloak)
rCorr    .         Harm     .   (no gloves)
MR       .....                  (no boots)
Stlth    +.........             (no amulet)
HPRegen  0.08/turn              (no ring)
MPRegen  0.10/turn              (no ring)

@: no status effects
A: change form in water, swift swim, stealthy swim
a: no special abilities


You were on level 2 of the Dungeon.
You were not hungry.

You visited 1 branch of the dungeon, and saw 2 of its levels.

You collected 129 gold pieces.

Inventory:

Missiles
 a - 44 arrows
Armour
 b - a +0 robe (worn)
Scrolls
 e - 2 scrolls of magic mapping {unknown}
 f - a scroll of enchant armour {unknown}
 g - a scroll of identify {unknown}
 h - a scroll of teleportation {unknown}
Comestibles
 c - 2 chunks of flesh
 d - a ration


   Skills:
 - Level 1.1 Fighting
 - Level 2.6 Dodging
 + Level 4.1 Unarmed Combat
 - Level 2.0 Spellcasting
 + Level 3.9 Transmutations


You had 5 spell levels left.
You knew the following spells:

 Your Spells              Type           Power        Failure   Level  Hunger
a - Beastly Appendage     Tmut           ##....       4%          1    ##.....


Dungeon Overview and Level Annotations

Branches:
Dungeon (2/15)

Altars:


Message History

The rat twitches its whiskers.
The adder is severely wounded.
The adder bites you.
The adder is severely wounded.
The adder is severely wounded.
The adder bites you.
You are too injured to fight recklessly!
You are too injured to fight recklessly!
The adder is severely wounded.
The adder is severely wounded.
The rat bites you. The adder bites you.
The adder is severely wounded.
The rat bites you.
* * * LOW HITPOINT WARNING * * *
The adder bites you.
* * * LOW HITPOINT WARNING * * *
You aren't carrying any potions.
The adder is severely wounded.
The adder bites you.
You die...

################
#..........#...#
#..........#...#
+..........#.).#
#.......@..#...#
#?....rS##)'...# #####
#.......###'...######....
.........#..........#....
.........#..........#....
.........#..........#....
.........#..........#....
........$#..........#....
.........+..........'....


You could see an adder and a rat.

Vanquished Creatures
  A dart slug (D:1)
  A ball python (D:1)
  2 bats (D:1)
  3 giant cockroaches (D:1)
  5 goblins
  2 hobgoblins
  A jackal (D:2)
  A quokka (D:2)
  4 frilled lizards
  6 kobolds (D:1)
  4 rats (D:1)
30 creatures vanquished.

Notes
Turn   | Place    | Note
-------+----------+-------------------------------------------
     0 | D:1      | Infinimo the Merfolk Transmuter began the quest for the Orb.
     0 | D:1      | Reached XP level 1. HP: 15/15 MP: 3/3
   207 | D:1      | Reached XP level 2. HP: 17/21 MP: 5/5
   875 | D:1      | Reached XP level 3. HP: 20/26 MP: 6/6
   877 | D:1      | Reached skill level 4 in Unarmed Combat
  1476 | D:2      | Slain by an adder

Vault maps used:
D:1:      sevenhm_arrival_forest_fort_small_6
D:2:      regret_index_temple_of_mockery

Skill      XL: |  1  2  3 |
---------------+----------+-----
Transmutations | 3 |  3.9
Unarmed Combat | 4 |  4.1
Fighting       | |  1.1
Dodging        | |  2.6
Spellcasting   | |  2.0

Action                   || total
-------------------------++-------
Melee: Unarmed           ||   113
       Punch             ||     1
 Cast: Beastly Appendage ||     2
 Stab: Sleeping          ||     3
  Eat: Chunk             ||     2
Armor: Robe              ||    25
Dodge: Dodged            ||    76

Table legend:
 A = Spawn XP
 B = Non-spawn XP
 C = Spawn XP percentage of total XP
 D = Spawn monster count
 E = Non-spawn monster count
 F = Spawn count percentage of total count
 G = Total turns spent on level
                    A         B        C        D         E        F      G
               +---------+---------+-------+---------+---------+-------+---------
         Total |       0 |      50 |   0.0 |       0 |      30 |   0.0 |  1476
               +---------+---------+-------+---------+---------+-------+---------
           D:1 |       0 |      39 |   0.0 |       0 |      24 |   0.0 |  1244
           D:2 |       0 |      11 |   0.0 |       0 |       6 |   0.0 |   232
               +---------+---------+-------+---------+---------+-------+---------
